 Dungeon Crawl Stone Soup version 0.16-a0-4048-g245e628 (webtiles) character file.

556 bwiles81 the Skirmisher (level 7, -1/66 HPs)
             Began as a Gargoyle Fighter on Feb 19, 2015.
             Was an Initiate of Okawaru.
             Slain by Prince Ribbit (13 damage)
             ... on level 5 of the Dungeon.
             The game lasted 00:12:13 (3917 turns).

bwiles81 the Skirmisher (Gargoyle Fighter)          Turns: 3917, Time: 00:12:13

Health: -1/66      AC: 11    Str: 25    XL:     7   Next: 30%
Magic:  7/7        EV:  8    Int:  8    God:    Okawaru [......]
Gold:   225        SH: 11    Dex: 11    Spells: 0 memorised, 6 levels left

rFire  . . .     SeeInvis .     k - +0 flail (holy)
rCold  . . .     Clarity  .     b - +0 scale mail
rNeg   + . .     SustAb   .     c - +1 shield
rPois  ∞         Gourm    .     (no helmet)
rElec  +         Spirit   .     (no cloak)
rCorr  .         Warding  .     (no gloves)
rMut   .         Stasis   .     (no boots)
MR     .....                    (no amulet)
Stlth  ..........               (no ring)
                                (no ring)

@: berserking (expiring), very quick, not resistant to hostile enchantments,
extremely unstealthy
A: negative energy resistance 1, electricity resistance, unbreathing,
petrification resistance, rot immunity, AC +4
a: Renounce Religion


You were on level 5 of the Dungeon.
You worshipped Okawaru.
Okawaru was noncommittal.
You were not hungry.

You visited 1 branch of the dungeon, and saw 5 of its levels.

You collected 225 gold pieces.

Inventory:

Hand weapons
 k - a +0 flail of holy wrath (weapon)
Armour
 b - a +0 scale mail (worn)
 c - a +1 shield (worn)
Jewellery
 n - an uncursed ring of protection from magic {unknown}
Magical devices
 q - a wand of lightning (6)
Scrolls
 a - 3 scrolls of enchant weapon {unknown}
 e - 2 scrolls of fear
 r - 2 scrolls of teleportation
Potions
 f - 2 potions of haste
 i - 2 potions of heal wounds
 l - 2 potions of curing
 p - 2 potions of berserk rage
Comestibles
 d - 7 bread rations
 h - 3 meat rations
 j - a slice of pizza
 m - 2 fruits
 s - a royal jelly


   Skills:
 * Level 5.4 Fighting
 * Level 4.8 Maces & Flails
 + Level 3.9 Armour
 + Level 1.7 Dodging
 + Level 4.7 Shields
 + Level 0.7 Invocations
 + Level 0.4 Evocations


You had 6 spell levels left.
You didn't know any spells.

Dungeon Overview and Level Annotations

Branches:
Dungeon (5/15)
 Temple: D:4-7

Altars:
Elyvilon
Kikubaaqudgha
Okawaru
Sif Muna
Trog

Shops:
D:4 ![([*

Annotations:
D:5 Prince Ribbit


Innate Abilities, Weirdness & Mutations

You are resistant to torment.
You are immune to poison.
Your stone body is very resilient (AC +4).
You resist negative energy.
You are resistant to electric shocks.
You can survive without breathing.
You are immune to petrification.
You are immune to rotting.


Message History

Drink which item? (? for menu, Esc to quit)
A red film seems to cover your vision as you go berserk!
You feel yourself moving faster!
You feel mighty! You block Prince Ribbit's attack.
Prince Ribbit barely misses you.
Prince Ribbit momentarily phases out as your attack passes through him.
Prince Ribbit is lightly wounded.
Prince Ribbit hits you but does no damage.
You sock Prince Ribbit!
Prince Ribbit is heavily wounded.
Prince Ribbit hits you but does no damage.
You completely miss Prince Ribbit.
Prince Ribbit is heavily wounded.
Prince Ribbit blinks!
You feel a strong urge to attack something.
Prince Ribbit hits you!
* * * LOW HITPOINT WARNING * * *
Prince Ribbit momentarily phases out as your attack passes through him.
Prince Ribbit is heavily wounded.
Prince Ribbit hits you!
You die...

############
#..........#
#..>$§.....#
#.....@F.%.#
#..........#
#..........#
#..........#
#.....###'#####
####..###..#..#
#...........#
#.....).....#
#...........#


You could see Prince Ribbit.

Vanquished Creatures
  Menkaure (D:4)
  An orc priest (D:4)
  A hound (D:4)
  An iguana (D:3)
  An orc wizard (D:4)
  A giant frog skeleton (D:4)
  2 worker ants
  Robin (D:2)
  5 gnolls
  5 adders
  A giant mite (D:3)
  3 worms
  3 giant geckos
  16 orcs
  8 bats
  3 giant cockroaches
  9 hobgoblins
  3 jackals (D:3)
  3 quokkas
  2 ball pythons
  4 giant newts
  19 goblins
  6 kobolds
  A quokka skeleton (D:4)
  8 rats
108 creatures vanquished.

Notes
Turn   | Place    | Note
--------------------------------------------------------------
     0 | D:1      | bwiles81, the Gargoyle Fighter, began the quest for the Orb.
     0 | D:1      | Reached XP level 1. HP: 14/14 MP: 1/1
   167 | D:1      | Reached XP level 2. HP: 17/19 MP: 2/2
   700 | D:2      | Reached XP level 3. HP: 24/24 MP: 3/3
   709 | D:2      | Noticed Robin
   719 | D:2      | Killed Robin
   982 | D:2      | Reached skill level 4 in Fighting
   982 | D:2      | Reached XP level 4. HP: 26/29 MP: 4/4
  1542 | D:2      | Found an ancient bone altar of Kikubaaqudgha.
  1627 | D:2      | Reached XP level 5. HP: 28/34 MP: 5/5
  2463 | D:3      | Found a white marble altar of Elyvilon.
  2518 | D:3      | Reached skill level 1 in Dodging
  2735 | D:3      | Found a deep blue altar of Sif Muna.
  2753 | D:4      | Found Zarhuosh's Distillery.
  2756 | D:4      | Noticed Menkaure
  2767 | D:3      | Reached XP level 6. HP: 34/39 MP: 6/6
  2802 | D:4      | Killed Menkaure
  2802 | D:4      | Reached skill level 5 in Fighting
  2878 | D:4      | Found a bloodstained altar of Trog.
  2879 | D:4      | Found an iron altar of Okawaru.
  2893 | D:4      | Became a worshipper of Warmaster Okawaru
  2969 | D:4      | Found Skediw's Armour Shoppe.
  3000 | D:4      | Reached XP level 7. HP: 40/44 MP: 7/7
  3033 | D:4      | Found Plaetyopt's General Store.
  3427 | D:4      | Found Shecush's Armour Emporium.
  3451 | D:4      | Found Ihanoll's Antique Weapon Shop.
  3883 | D:5      | Entered Level 5 of the Dungeon
  3891 | D:5      | Noticed Prince Ribbit
  3917 | D:5      | Slain by Prince Ribbit

Action                   |  1- 3 |  4- 6 |  7- 9 || total
-------------------------+-------+-------+-------++-------
Melee: Flail             |   111 |   243 |    90 ||   444
  Use: Scroll            |     4 |     6 |     3 ||    13
       Potion            |     1 |     2 |     1 ||     4
  Eat: Bread ration      |       |     1 |       ||     1
       Chunk             |       |     3 |     2 ||     5
       Beef jerky        |       |       |     1 ||     1
